 Dungeon Crawl Stone Soup version 0.18.1-50-g88ac8fd (webtiles) character file.

130 Ginkk the Skirmisher (level 4, -3/37 HPs)
             Began as a Demonspawn Abyssal Knight on Nov 9, 2016.
             Was a Believer of Lugonu.
             Slain by Crazy Yiuf
             ... wielding a +3 quarterstaff of chaos
              (8 damage)
             ... on level 2 of the Dungeon.
             The game lasted 00:12:52 (2520 turns).

Ginkk the Skirmisher (Demonspawn Abyssal Knight)    Turns: 2520, Time: 00:12:52

Health: -3/37      AC: 12    Str: 11 (13) XL:     4   Next: 90%
Magic:  5/5        EV:  9    Int: 10 (13) God:    Lugonu [**....]
Gold:   82         SH:  0    Dex: 10 (13) Spells: 0 memorised, 3 levels left

rFire  . . .     SeeInvis .     c - +0 war axe
rCold  . . .     Gourm    .     l - +0 scale mail
rNeg   + . .     Faith    .     (no shield)
rPois  .         Spirit   .     j - +0 helmet
rElec  .         Dismiss  .     (no cloak)
rCorr  .         Reflect  .     (no gloves)
SustAt .         Harm     .     (no boots)
MR     .....                    (no amulet)
Stlth  ..........               p - +3 ring of protection
                                d - ring of positive energy

@: not resistant to hostile enchantments, extremely unstealthy
A: thin metallic scales 1, powered by death 1
a: Depart the Abyss, Bend Space, Renounce Religion


You were on level 2 of the Dungeon.
You worshipped Lugonu.
Lugonu was pleased with you.
You were not hungry.

You visited 1 branch of the dungeon, and saw 4 of its levels.
You visited the Abyss 1 time.

You collected 82 gold pieces.

Inventory:

Hand Weapons
 a - a +1 mace
 c - a +0 war axe (weapon)
 i - a +0 hunting sling
 m - a +0 trident
 o - a +1 dagger of protection
 r - a +2 hand axe of electrocution
Missiles
 b - 16 bolts
 g - 35 stones (quivered)
 k - 32 arrows
Armour
 h - a +0 animal skin
 j - a +0 helmet (worn)
 l - a +0 scale mail (worn)
Jewellery
 d - a ring of positive energy (left hand)
 p - a +3 ring of protection (right hand)
Scrolls
 e - a scroll of teleportation
Comestibles
 f - 2 meat rations
 n - 3 fruits
 s - a chunk of flesh


   Skills:
 + Level 3.8 Fighting
 + Level 2.2 Maces & Flails
 + Level 0.1 Throwing
 + Level 2.4 Armour
 + Level 2.8 Dodging
 + Level 0.2 Stealth
 + Level 2.6 Invocations


You had 3 spell levels left.
You didn't know any spells.

Dungeon Overview and Level Annotations

Branches:
Dungeon (4/15)
 Temple: D:4-7

Altars:

Annotations:
D:2 Crazy Yiuf


Innate Abilities, Weirdness & Mutations

You are partially covered in thin metallic scales (AC +2).
You regenerate a little health from kills.


Message History

Crazy Yiuf is moderately wounded.
You hit the fungus.
The fungus is heavily damaged.
You feel less confused.
Crazy Yiuf grits, "Ghoul!
Iron Hive unthinkable."
Crazy Yiuf hits you with a quarterstaff of chaos.
* * * LOW HITPOINT WARNING * * *
x2 Crazy Yiuf hits you with a quarterstaff of chaos.
* * * LOW HITPOINT WARNING * * *
You closely miss Crazy Yiuf.
Crazy Yiuf is moderately wounded.
You hit the fungus.
The fungus is severely damaged.
Crazy Yiuf barely misses you.
You slash Crazy Yiuf!
Crazy Yiuf is severely wounded.
You slash the fungus!
The fungus is almost destroyed.
Crazy Yiuf hits you with a quarterstaff of chaos!
You die... #####....# #. #....# # #....# ♣.♣♣ ##.#.### ###### ♣g♣ ##...÷.## ♣.♣♣ #.......# ########## ♣♣.♣ #......## .........# ♣♣.♣♣ #####..# ####.##### ♣♣.P.♣ #.<# #.# ♣PPPg♣

#..# #.# #...@#
#..# #.#
##..##### #..# #
#.# #...# #.#
#..# . #.#
##.####.# #..###
. #.#
#......####....#
. #.#
######..........
.# #.#
##........#
.###.#
#.##...#..
..##.# #.# #.##


You could see Crazy Yiuf.

Vanquished Creatures
  An orc wizard (D:3)
  Robin (D:2)
  2 adders
  An ooze (D:2)
  A dart slug (D:1)
  3 giant geckos
  3 orcs (D:3)
  A giant cockroach (D:1)
  17 goblins
  7 hobgoblins
  A jackal (D:1)
  3 kobolds
  A ball python (D:2)
  6 bats
  A giant gecko zombie (D:3)
  4 giant newts
  9 rats
62 creatures vanquished.

Notes
Turn   | Place    | Note
--------------------------------------------------------------
     0 | Abyss:1  | Ginkk the Demonspawn Abyssal Knight began the quest for the Orb.
     0 | Abyss:1  | Reached XP level 1. HP: 18/18 MP: 2/2
    44 | Abyss:1  | Noticed a raiju
    47 | D:1      | Escaped the Abyss
   172 | D:1      | Reached * piety under Lugonu
   172 | D:1      | Reached skill level 1 in Dodging
   354 | D:1      | Gained mutation: You regenerate a little health from kills. [demonic ancestry]
   354 | D:1      | Reached XP level 2. HP: 10/24 MP: 3/3
   607 | D:2      | Noticed Robin
   767 | D:1      | Reached XP level 3. HP: 29/29 MP: 4/4
  1058 | D:2      | Reached ** piety under Lugonu
  1304 | D:1      | Gained mutation: You are partially covered in thin metallic scales (AC +2). [demonic ancestry]
  1304 | D:1      | Reached XP level 4. HP: 36/36 MP: 5/5
  1594 | D:2      | Killed Robin
  2499 | D:2      | Noticed Crazy Yiuf
  2507 | D:2      | Paralysed by Crazy Yiuf for 7 turns
  2520 | D:2      | Slain by Crazy Yiuf

Skill      XL: |  1  2  3 |
---------------+----------+-----
Dodging        | 1 2 |  2.8
Armour         | 2 |  2.4
Maces & Flails | 2 |  2.2
Fighting       | |  3.8
Throwing       | |  0.1
Stealth        | |  0.2
Invocations    | |  2.6

Action                   |  1- 3 |  4- 6 || total
-------------------------+-------+-------++-------
Melee: Mace              |   153 |     8 ||   161
       War axe           |       |    73 ||    73
Throw: Stone             |     3 |       ||     3
Invok: Depart the Abyss  |     1 |       ||     1
  Use: Scroll            |     2 |     2 ||     4
       Potion            |     2 |     3 ||     5
  Eat: Chunk             |     2 |       ||     2
       Bread ration      |       |     1 ||     1
Armor: Leather armour    |    70 |    22 ||    92
       Scale mail        |       |     7 ||     7
Dodge: Dodged            |   114 |    53 ||   167
